 Dungeon Crawl Stone Soup version 0.30-a0-937-ga0a21ad780 (webtiles) character file.

Game seed: 4542693905907208291

450 jimonade the Chopper (level 7, 0/60 HPs)
             Began as a Hill Orc Fighter on Mar 25, 2023.
             Was an Initiate of Beogh.
             Slain by an ogre
             ... wielding a +0 giant club
              (8 damage)
             ... on level 5 of the Dungeon.
             The game lasted 00:05:34 (3839 turns).

jimonade the Chopper (Hill Orc Fighter)             Turns: 3839, Time: 00:05:36

Health: 0/60       AC: 16    Str: 25    XL:     7   Next: 4%
Magic:  10/10      EV:  6    Int: 10    God:    Beogh [......]
Gold:   290        SH:  8    Dex: 10    Spells: 6/6 levels left

rFire   + . .      SeeInvis +    a - +1 hand axe (venom)
rCold   . . .      Faith    .    e - +0 kite shield
rNeg    . . .      Spirit   .    m - +0 chain mail
rPois   .          Reflect  .    x - +0 helmet
rElec   .          Rampage  .    (no cloak)
rCorr   +                        (no gloves)
Will    ++...                    n - +0 pair of boots Stlth
                                 (no amulet)
HPRegen 0.30/turn                y - ring of Murrodoe {+Blink rF+ Will++ rCorr Str+6 SInv}
MPRegen 0.12/turn                B - +4 ring of protection

@: lethally poisoned (0 -> -8)
A: no striking features
a: Renounce Religion, Evoke Blink


You were on level 5 of the Dungeon.
You worshipped Beogh.
Beogh was noncommittal.
You visited 1 branch of the dungeon, and saw 5 of its levels.

You collected 290 gold pieces.

Inventory:

Hand Weapons
 a - a +1 hand axe of venom (weapon)
 f - a +0 war axe
 z - a +0 trident
 E - a +0 halberd
Missiles
 w - 6 poisoned darts (quivered)
 G - 2 javelins
Armour
 b - a +0 scale mail
 c - a +0 buckler
 e - a +0 kite shield (worn)
 m - a +0 chain mail (worn)
 n - a +0 pair of boots (worn)
 x - a +0 helmet (worn)
Jewellery
 y - the ring of Murrodoe (left hand) {+Blink rF+ Will++ rCorr Str+6 SInv}
   (You found it on level 4 of the Dungeon)

   [ring of strength]

   Str:       It affects your strength (+6).
   rF:        It protects you from fire.
   SInv:      It lets you see invisible.
   +Blink:    It lets you blink.
   rCorr:     It protects you from acid and corrosion.
   Will:      It greatly increases your willpower.
 B - a +4 ring of protection (right hand)
 F - a ring of protection from fire
Wands
 r - a wand of light (3)
 u - a wand of flame (18)
Scrolls
 h - a scroll of fog {unknown}
 i - 2 scrolls of fear {unknown}
 k - 2 scrolls of teleportation {unknown}
 l - a scroll of vulnerability {unknown}
 q - a scroll of brand weapon {unknown}
 t - 3 scrolls of poison {unknown}
 C - a scroll of blinking {unknown}
 D - 2 scrolls of identify {unknown}
Potions
 d - 2 potions of might
 g - 3 potions of haste {unknown}
 j - 4 potions of heal wounds {unknown}
 o - 2 potions of curing {unknown}
 p - 2 potions of lignification {unknown}
 s - a potion of flight {unknown}
 v - 2 potions of resistance {unknown}
 A - a potion of invisibility {unknown}


   Skills:
 + Level 4.3 Fighting
 + Level 5.4 Axes
 + Level 4.6 Armour
 + Level 0.5 Dodging
 + Level 4.7 Shields
 * Level 4.2 Invocations


You had 6 spell levels left.
You didn't know any spells.
Your spell library contained the following spells:

 Spells                   Type           Power      Damage    Failure   Level
 Beastly Appendage        Tmut           0%         N/A       100%        1
 Slow                     Hex            0%         N/A       100%        1
 Summon Small Mammal      Summ           0%         N/A       100%        1
 Wereblood                Tmut           0%         N/A       100%        2
 Call Canine Familiar     Summ           0%         N/A       100%        3
 Confusing Touch          Hex            0%         N/A       100%        3
 Inner Flame              Hex/Fire       0%         N/A       100%        3
 Portal Projectile        Hex/Tloc       0%         N/A       100%        3
 Spider Form              Tmut/Pois      0%         N/A       100%        3
 Summon Guardian Golem    Hex/Summ       0%         N/A       100%        3
 Vampiric Draining        Necr           0%         2d6       100%        3
 Vhi's Electric Charge    Tloc/Air       0%         N/A       100%        3
 Flame Wave               Conj/Fire      0%         2d4       100%        4
 Leda's Liquefaction      Hex/Erth       0%         N/A       100%        4
 Passage of Golubria      Tloc           0%         N/A       100%        4
 Sticky Flame             Conj/Fire      0%         2d3       100%        4
 Arcjolt                  Conj/Air       0%         1d10      100%        5
 Silence                  Hex/Air        0%         N/A       100%        5
 Lehudib's Crystal Spear  Conj/Erth      0%         10d2      100%        8
 Maxwell's Capacitive Co  Air            0%         ∞         100%        8


Dungeon Overview and Level Annotations

Branches:
Dungeon (5/15)
 Temple: D:4-7

Altars:
Dithmenos
Uskayaw
Xom
Yredelemnul

Shops:
D:2 ?

Annotations:
D:3 3 runed translucent doors, SpyderV's ghost, amateur MiFi


Message History

You are more poisoned.
The orc closely misses you.
You closely miss the orc. You miss the orc wizard.
You feel very sick.
The ogre shouts!
The orc hits you but does no damage.
The orc wizard casts a spell.
The orc wizard flickers and vanishes for a moment.
You slash the orc!
You kill the orc!
Beogh accepts your kill.
You hit the orc wizard but do no damage.
The orc wizard looks as sick as possible!
You feel very sick.
The orc wizard hits you but does no damage.
You are lethally poisoned!
You hit the orc wizard.
The orc wizard looks as sick as possible!
The orc wizard is almost dead.
* * * LOW HITPOINT WARNING * * *
You feel very sick.
You kill the orc wizard!
Beogh accepts your kill.
You have reached level 7!
You hit the ogre but do no damage.
The ogre is poisoned.
You hit the dart slug.
The dart slug is poisoned.
* * * LOW HITPOINT WARNING * * *
You feel very sick. You block the ogre's attack.
The dart slug launches a dart at you. You block the slug dart.
You slash the ogre!
The ogre is moderately wounded.
You slash the dart slug!
You kill the dart slug!
Beogh accepts your kill.
* * * LOW HITPOINT WARNING * * *
You feel very sick. The ogre hits you with a +0 giant club!
You die...

##..# #.......... ##.#
#.......... ##.#
#..........
#.####.......... #.#
#........... ##.#
#........... . ###..#
#.....>.....
....##.)).###.....<.....
.....>O@#..#............
.....####...............
..## #...............
#...............
#o..###........† .o...
###....... ...o.#
#....... ...o.. ##......
....?... ##.....


You could see an ogre (very poisoned).

Vanquished Creatures
  A centaur (D:5)
  Blork the orc (D:4)
  A hound (D:5)
  Terence (D:2)
  An iguana (D:4)
  2 orc wizards
  5 gnolls
  4 adders
  A white imp (D:5)
  3 dart slugs
  10 orcs
  2 ball pythons
  An endoplasm (D:3)
  5 giant cockroaches
  7 goblins
  6 hobgoblins
  6 quokkas
  3 bats
  2 frilled lizards (D:1)
  5 kobolds
  3 rats
70 creatures vanquished.

Vanquished Creatures (others)
  An orc priest (D:5)
1 creature vanquished.

Grand Total: 71 creatures vanquished

Notes
Turn   | Place    | Note
-------+----------+-------------------------------------------
     0 | D:1      | jimonade the Hill Orc Fighter began the quest for the Orb.
     0 | D:1      | Reached XP level 1. HP: 19/19 MP: 1/1
   223 | D:1      | Reached skill level 1 in Invocations
   223 | D:1      | Reached XP level 2. HP: 21/27 MP: 2/2
   384 | D:1      | Found a faded altar of an unknown god.
   392 | D:1      | Got Plato's Elucidation of Curses
   586 | D:1      | Reached skill level 3 in Axes
  1168 | D:2      | Found a shimmering altar of Xom.
  1186 | D:2      | Reached XP level 3. HP: 33/33 MP: 3/3
  1324 | D:2      | Found Peitynaang's Magic Scroll Emporium.
  1585 | D:2      | Noticed Terence
  1591 | D:2      | Killed Terence
  1592 | D:2      | Reached XP level 4. HP: 29/40 MP: 4/6
  1827 | D:3      | Noticed SpyderV's ghost (amateur MiFi)
  2079 | D:3      | Found a runed translucent gate.
  2079 | D:3      | Found a runed translucent gate.
  2079 | D:3      | Found a runed translucent gate.
  2141 | D:3      | Found a shadowy altar of Dithmenos.
  2148 | D:3      | Found a basalt altar of Yredelemnul.
  2150 | D:3      | Found a hide-covered altar of Uskayaw.
  2403 | D:4      | Reached XP level 5. HP: 46/46 MP: 7/7
  2415 | D:4      | Identified the ring of Murrodoe {+Blink rF+ Will++ rCorr
                  | Str+6 SInv}
  2559 | D:4      | Reached skill level 4 in Axes
  2711 | D:4      | Reached XP level 6. HP: 42/52 MP: 8/8
  2874 | D:4      | Noticed Blork the orc
  2886 | D:4      | Killed Blork the orc
  3406 | D:5      | Entered Level 5 of the Dungeon
  3448 | D:5      | Reached skill level 5 in Axes
  3822 | D:5      | Became a worshipper of Beogh the Brigand
  3838 | D:5      | Reached XP level 7. HP: 15/60 MP: 10/10
  3839 | D:5      | Slain by an ogre

Illustrated notes

Levels and vault maps discovered:
D:1:      sevenhm_arrival_forest_fort_large_3, layout_basic,
          shapermc_ecumenical_altar_rom_forum, serial_rivers,
          chequers_serial_rivers_small_3, chequers_serial_rivers_marsh,
          chequers_serial_rivers_marsh, chequers_serial_rivers_micro_a
D:2:      layout_loops_ring, serial_shops, shop, basic_altar,
          nicolae_figureground_sparkle, uniq_terence
D:3:      layout_basic, grunt_temple_overflow_open, gammafunk_ghost_icy
D:4:      layout_layer_cave, serial_bayou_pond_e, uniq_blork_the_orc
D:5:      layout_cave_pods, minmay_tree_intersection

Skill      XL: |  1  2  3  4  5  6 |
---------------+-------------------+-----
Invocations    | 1 2 3 4 |  4.2
Axes           | 3 4 5 |  5.4
Armour         | 4 |  4.6
Fighting       | 4 |  4.3
Shields        | 4 |  4.7
Dodging        | |  0.5

Action                     |  1- 3 |  4- 6 |  7- 9 || total
---------------------------+-------+-------+-------++-------
  Melee: War axe           |    15 |       |       ||    15
         Hand axe          |    37 |   135 |     2 ||   174
 Invoke: Convert to Beogh  |       |     1 |       ||     1
 Armour: Scale mail        |    17 |       |       ||    17
         Chain mail        |    12 |    85 |       ||    97
  Dodge: Dodged            |    16 |    33 |       ||    49
  Block: Kite shield       |    16 |    44 |     2 ||    62
         Buckler           |     2 |       |       ||     2

Table legend: (Time is in decaauts)
 A = Elapsed time spent in this place.
 B = Non-inter-level travel time spent in this place.
 C = Inter-level travel time spent in this place.
 D = Time resting spent in this place.
 E = Time spent auto-exploring this place.
 F = Levels seen in this place.
 G = Mean time per level.
                   A        B        C        D        E       F      G
               +--------+--------+--------+--------+--------+-----+--------+
         Total |   3905 |   3760 |    145 |      2 |   3081 |   5 |  781.0 |
       Dungeon |   3905 |   3760 |    145 |      2 |   3081 |   5 |  781.0 |
               +--------+--------+--------+--------+--------+-----+--------+

Top non-repeatable levels by time:
     D:1: 1078 daAuts
     D:4: 1057 daAuts
     D:2: 665 daAuts
     D:3: 663 daAuts
     D:5: 440 daAuts
